 Dungeon Crawl Stone Soup version 0.31-a0-188-g5e087ee2ca (webtiles) character file.

Game seed: 9408651269085933397

56 qw the Shooter (level 3, -3/20 HPs)
             Began as a Deep Elf Hunter on June 23, 2023.
             Slain by a gnoll bouda
             ... wielding a +2 whip of freezing
              (4 damage)
             ... on level 2 of the Dungeon.
             The game lasted 00:00:20 (960 turns).

qw the Shooter (Deep Elf Hunter)                     Turns: 960, Time: 00:00:20

Health: -3/20      AC:  3    Str: 10    XL:     3   Next: 71%
Magic:  5/5        EV: 12    Int: 13    God:
Gold:   728        SH:  0    Dex: 18    Spells: 2/2 levels left

rFire   . . .        Y - +1 shortbow
rCold   . . .        (shield currently unavailable)
rNeg    . . .        c - +0 leather armour
rPois   .            (no helmet)
rElec   .            (no cloak)
rCorr   .            (no gloves)
SInv    .            (no boots)
Will    .....        (no amulet)
Stlth   ++           (no ring)
HPRegen 0.23/turn    (no ring)
MPRegen 0.09/turn

%: no passive effects
@: no status effects
A: no striking features
a: no special abilities


You were on level 2 of the Dungeon.
You visited 1 branch of the dungeon, and saw 2 of its levels.

You collected 950 gold pieces.
You spent 222 gold pieces at shops.


   Skills:
 - Level 1.5 Fighting
 + Level 7.2 Ranged Weapons
 - Level 2.4 Dodging
 - Level 1.2 Stealth


You had 2 spell levels left.
You didn't know any spells.
Your spell library was empty.

Inventory:

Hand Weapons
 Y - a +1 shortbow (weapon)
Armour
 c - a +0 leather armour (worn)
Jewellery
 a - a ring of protection from cold
Scrolls
 b - 5 scrolls of identify
 d - a scroll of teleportation
Potions
 g - a potion of berserk rage {unknown}
 j - a potion of might {unknown}

Dungeon Overview and Level Annotations

Branches:
Dungeon (2/15)

Altars:

Shops:
D:2 ?

Annotations:
D:1 1 transporter


Message History

944 ||| Stepping ~*~*~tactically~*~*~ (outnumbered).
946 ||| Stepping ~*~*~tactically~*~*~ (outnumbered).
948 ||| Stepping ~*~*~tactically~*~*~ (outnumbered).
The gnoll bouda shouts!
950 ||| Stepping ~*~*~tactically~*~*~ (outnumbered).
The gnoll shouts!
A gnoll comes into view. It is wielding a +0 flail.
952 ||| Stepping ~*~*~tactically~*~*~ (outnumbered).
You shoot an arrow. The arrow hits the gnoll.
The gnoll is heavily wounded.
You shoot an arrow. The arrow hits the gnoll.
The gnoll is almost dead.
The gnoll hits you with a +0 whip.
You shoot an arrow. The arrow closely misses the gnoll.
The gnoll hits you with a +0 whip.
You shoot an arrow. The arrow hits the gnoll!
You kill the gnoll!
The gnoll bouda barely misses you.
You shoot an arrow.
The arrow barely misses the gnoll bouda.
You hear a shout!
The gnoll bouda hits you with a +2 whip of freezing.
The gnoll bouda freezes you.
You shoot an arrow.
The arrow hits the gnoll bouda but does no damage.
The gnoll closely misses you.
The gnoll bouda barks out a call to the hunt!
The gnolls pick up the pace!
You shoot an arrow.
The arrow barely misses the gnoll bouda.
The arrow hits the gnoll.
The gnoll is lightly wounded.
The gnoll bouda completely misses you. The gnoll completely misses you.
You shoot an arrow.
The arrow hits the gnoll bouda but does no damage.
The gnoll closely misses you.
The gnoll bouda hits you with a +2 whip of freezing!
Ouch! That really hurt!
The gnoll bouda freezes you.
You die...

##.###..#
#.##....# .g#
##.#.#.## g.#
##...## .. ##.##
g. #.# g# #.# .#
#.########g###.#
#.......@gg....#
#############..#


You could see a gnoll bouda and 2 gnolls.

Vanquished Creatures
  Terence (D:2)
  A gnoll (D:2)
  2 ball pythons
  4 endoplasms
  2 goblins (D:1)
  A hobgoblin (D:1)
  2 quokkas (D:1)
  4 bats (D:1)
  2 frilled lizards (D:1)
  3 kobolds (D:1)
  2 rats (D:1)
24 creatures vanquished.

Notes
Turn   | Place    | Note
-------+----------+-------------------------------------------
     0 | D:1      | qw the Deep Elf Hunter began the quest for the Orb.
     0 | D:1      | Reached XP level 1. HP: 12/12 MP: 3/3
     0 | D:1      | 0 ||| qw: Version: 0.3-a-9-g12657ce
     0 | D:1      | 0 ||| qw: Game counter: 4000
     0 | D:1      | 0 ||| qw: Always use a shield: true
     0 | D:1      | 0 ||| qw: God list: Okawaru
     0 | D:1      | 0 ||| qw: Allow faded altars: false
     0 | D:1      | 0 ||| qw: Do Orc after D:15 true
     0 | D:1      | 0 ||| qw: Do second Lair branch before Depths: true
     0 | D:1      | 0 ||| qw: Lair rune preference: random
     0 | D:1      | 0 ||| qw: Plans: Normal
     0 | D:1      | 0 ||| PLANNING D:1-11
   125 | D:1      | Reached skill level 6 in Ranged Weapons
   125 | D:1      | Reached XP level 2. HP: 16/16 MP: 4/4
   444 | D:1      | Found a faded altar of an unknown god.
   621 | D:1      | 621 ||| READING scroll labelled KIH ATHRORU DERRO.
   624 | D:1      | 624 ||| READING scroll labelled MOMPUS PIEMIE.
   653 | D:1      | 653 ||| READING scroll labelled XORIUQ MONLEE.
   653 | D:1      | Identified a scroll of acquirement
   653 | D:1      | 653 ||| ACQUIRING 834 gold pieces
   653 | D:1      | Acquired 834 gold pieces
   655 | D:1      | 655 ||| READING scroll labelled ACROXU NIYVOG.
   656 | D:1      | 656 ||| DRINKING 2 pink potions.
   657 | D:1      | 657 ||| DROPPING scroll of butterflies.
   708 | D:2      | Noticed Terence
   721 | D:2      | HP: 1/16 [Terence/+0 hand axe (4)]
   722 | D:2      | 722 ||| DRINKING potion of heal wounds.
   728 | D:2      | Killed Terence
   729 | D:2      | Reached XP level 3. HP: 6/20 MP: 5/5
   805 | D:2      | Reached skill level 7 in Ranged Weapons
   815 | D:2      | Found Cemaskas's Magic Scroll Shoppe.
   823 | D:2      | 823 ||| BUYING scroll of enchant weapon (90 gold).
   823 | D:2      | Bought a scroll of enchant weapon for 90 gold pieces
   823 | D:2      | 823 ||| BUYING scroll of identify (24 gold).
   823 | D:2      | Bought a scroll of identify for 24 gold pieces
   823 | D:2      | 823 ||| BUYING scroll of identify (24 gold).
   823 | D:2      | Bought a scroll of identify for 24 gold pieces
   823 | D:2      | 823 ||| BUYING scroll of identify (24 gold).
   823 | D:2      | Bought a scroll of identify for 24 gold pieces
   823 | D:2      | 823 ||| BUYING scroll of identify (24 gold).
   823 | D:2      | Bought a scroll of identify for 24 gold pieces
   823 | D:2      | 823 ||| BUYING scroll of teleportation (36 gold).
   823 | D:2      | Bought a scroll of teleportation for 36 gold pieces
   823 | D:2      | 823 ||| READING scroll of enchant weapon.
   823 | D:2      | 823 ||| ENCHANTING +0 shortbow.
   944 | D:2      | 944 ||| Stepping ~*~*~tactically~*~*~ (outnumbered).
   946 | D:2      | 946 ||| Stepping ~*~*~tactically~*~*~ (outnumbered).
   948 | D:2      | 948 ||| Stepping ~*~*~tactically~*~*~ (outnumbered).
   950 | D:2      | 950 ||| Stepping ~*~*~tactically~*~*~ (outnumbered).
   952 | D:2      | 952 ||| Stepping ~*~*~tactically~*~*~ (outnumbered).
   960 | D:2      | HP: 1/20 [gnoll bouda/+2 whip of freezing (11)]
   960 | D:2      | Slain by a gnoll bouda

Levels and vault maps discovered:
D:1:      spicycebolla_arrival_risky_transporter, layout_loops_ring,
          basic_ecumenical_altar
D:2:      layout_loops_ring, serial_shops, shop_fountains, uniq_terence

Skill      XL: |  1  2  3 |
---------------+----------+-----
Ranged Weapons | 6 7 |  7.2
Fighting       | |  1.5
Dodging        | |  2.4
Stealth        | |  1.2

Action                     || total
---------------------------++-------
   Fire: Shortbow          ||    69
    Use: Scroll            ||     5
         Potion            ||     2
 Armour: Leather armour    ||     8
  Dodge: Dodged            ||    20

Table legend:
 A = Non-vault XP
 B = Vault XP
 C = Vault XP percentage of total XP
 D = Non-vault monster count
 E = Vault monster count
 F = Vault count percentage of total count
                 A         B        C        D         E       F
            +---------+---------+-------+---------+---------+-------
      Total |      49 |      32 |  39.5 |      23 |       1 |   4.2
            +---------+---------+-------+---------+---------+-------
        D:1 |      29 |       0 |   0.0 |      19 |       0 |   0.0
        D:2 |      20 |      32 |  61.5 |       4 |       1 |  20.0
            +---------+---------+-------+---------+---------+-------
